 Dungeon Crawl Stone Soup version 0.22-a0-149-g870e420 (webtiles) character file.

1296 Gildeon the Magician (level 8, -2/41 HPs)
             Began as a Deep Elf Conjurer on Feb 7, 2018.
             Was an Initiate of Sif Muna.
             Slain by an orc warrior
             ... wielding a +0 long sword
              (18 damage)
             ... on level 7 of the Dungeon.
             The game lasted 00:56:12 (7007 turns).

Gildeon the Magician (Deep Elf Conjurer)            Turns: 7007, Time: 00:56:13

Health: -2/41      AC:  8    Str:  5    XL:     8   Next: 31%
Magic:  1/28       EV: 13    Int: 23    God:    Sif Muna [......]
Gold:   451        SH:  2    Dex: 15    Spells: 0/19 levels left

rFire    . . .     SeeInvis .   o - +3 quarterstaff (chaos)
rCold    . . .     Gourm    .   (shield currently unavailable)
rNeg     . . .     Faith    .   a - +1 robe
rPois    .         Spirit   .   v - +0 helmet
rElec    .         Reflect  +   p - +2 cloak
rCorr    .         Harm     .   (no gloves)
MR       .....                  s - +0 pair of boots
Stlth    ++........             r - +2 amulet of reflection
HPRegen  0.13/turn              m - ring of wizardry
MPRegen  0.21/turn              i - ring of magical power

@: drained
A: no striking features
a: Renounce Religion


You were on level 7 of the Dungeon.
You worshipped Sif Muna.
Sif Muna was noncommittal.
You were not hungry.

You visited 2 branches of the dungeon, and saw 8 of its levels.

You collected 451 gold pieces.

Inventory:

Hand Weapons
 o - a +3 quarterstaff of chaos (weapon)
Armour
 a - a +1 robe (worn)
 p - a +2 cloak (worn)
 s - a +0 pair of boots (worn)
 v - a +0 helmet (worn)
Magical Staves
 u - an uncursed staff of power
Jewellery
 i - a ring of magical power (right hand)
 m - a ring of wizardry (left hand)
 r - a +2 amulet of reflection (around neck)
 t - an uncursed ring of protection from fire
Wands
 y - a wand of scattershot (6)
 z - a wand of iceblast (8)
Scrolls
 g - a scroll of remove curse
 q - 3 scrolls of teleportation
Potions
 d - 5 potions of curing
 e - 2 potions of invisibility
 f - 2 potions of ambrosia
 h - a potion of brilliance
 l - a potion of haste {unknown}
 n - a potion of agility {unknown}
 w - a potion of mutation {unknown}
Books
 b - a book of Conjurations

   Spells                             Type                      Level
   a - Magic Dart                     Conjuration                  1
   b - Searing Ray                    Conjuration                  2
   c - Dazzling Spray                 Conjuration/Hexes            3
   d - Fulminant Prism                Conjuration/Hexes            4
   e - Force Lance                    Conjuration/Translocation    4
   f - Iskenderun's Mystic Blast      Conjuration                  4
 x - a book of Callings

   Spells                             Type                      Level
   a - Summon Small Mammal            Summoning                    1
   b - Call Imp                       Summoning                    2
   c - Call Canine Familiar           Summoning                    3
   d - Summon Guardian Golem          Hexes/Summoning              3
   e - Summon Lightning Spire         Summoning/Air                4
   f - Summon Ice Beast               Ice/Summoning                4
Comestibles
 c - 11 rations


   Skills:
 - Level 2.4(2.1) Dodging
 - Level 2.4(2.1) Stealth
 - Level 6.2(5.9) Spellcasting
 - Level 6.0(5.6) Conjurations
 - Level 5.7(5.3) Hexes
 - Level 5.0(4.7) Summonings
 - Level 5.1(4.7) Translocations
 - Level 1.4(1.1) Invocations


You couldn't memorise any spells.
You knew the following spells:

 Your Spells              Type           Power        Failure   Level  Hunger
a - Magic Dart            Conj           ####         1%          1    None
b - Searing Ray           Conj           ####..       1%          2    None
c - Dazzling Spray        Conj/Hex       ####..       1%          3    #......
d - Conjure Flame         Conj/Fire      ###.....     3%          3    #......
e - Mephitic Cloud        Conj/Pois/Air  ###.....     4%          3    #......
f - Slow                  Hex            ####....     1%          2    None
g - Blink                 Tloc           N/A          1%          2    None
h - Summon Small Mammal   Summ           ####         1%          1    None
i - Call Imp              Summ           ####....     1%          2    None


Dungeon Overview and Level Annotations

Branches:
Dungeon (7/15)             Temple (1/1) D:4

Altars:
Ashenzari
Cheibriados
Dithmenos
Elyvilon
Fedhas
Gozag
Hepliaklqana
Kikubaaqudgha
Makhleb
Nemelex Xobeh
Okawaru
Qazlal
Ru
Sif Muna
Trog
Uskayaw
Wu Jian
Xom
Yredelemnul
Zin
The Shining One

Shops:
D:6 *


Message History

Confirm with . or Enter, or press ? or * to list all spells.
Aiming: Magic Dart (safe; 1% risk of failure)
Press: ? - help, Shift-Dir - straight line, f/p - wight
Aim: a wight, wielding a trident of freezing and wearing a robe (severely damaged)
The magic dart hits the wight.
You destroy the wight!
Sif Muna accepts your kill.
Your base Translocations skill increases to level 5!
You barely miss the orc warrior. The orc warrior barely misses you.
The orc wizard hits you but does no damage.
You hit the orc warrior but do no damage.
The orc wizard gestures at you while chanting.
The magic dart hits you!
The orc warrior hits you with a long sword.
The orc wizard gestures at you while chanting.
The puff of frost misses you.
You hit the orc warrior but do no damage.
The orc wizard closely misses you.
The orc warrior hits you with a long sword!!
You die...

#..'.................
#..#.................
##+#.................
o.# . #.................
(.# ..
#................. ..#
... #.................
..# ....
#................. ..#
...o. #...<.............
..#
......#@.....##'#.......
..#
....ozoo.....#..#.......
..#
.....)#......#..#.......
..#
..##+##......+..#.......
..# #......#..#.......
..# #......##'#####...
..# +......#......#...
..# #......#......#...
.?# #......+......#...


You could see an orc warrior, a wight, an orc wizard and an orc.

Vanquished Creatures
  An orc warrior (D:6)
  An ogre (D:5)
  A centaur (D:5)
  A bullfrog (D:7)
  A scorpion (D:5)
  3 wights (D:7)
  A howler monkey (D:6)
  A crimson imp (D:5)
  3 centaur zombies
  A bullfrog skeleton (D:6)
  An orc priest (D:5)
  A jelly (D:5)
  Crazy Yiuf (D:2)
  An iguana (D:4)
  Terence (D:2)
  5 orc wizards
  4 worker ants
  A hound zombie (D:6)
  A hound skeleton (D:6)
  4 gnolls (D:4)
  6 adders
  A shadow imp (D:7)
  2 oozes
  An adder skeleton (D:4)
  A worm (D:2)
  A dart slug (D:3)
  5 leopard geckos
  11 orcs
  4 giant cockroaches
  5 goblins
  6 hobgoblins
  12 jackals
  5 kobolds
  3 quokkas
  12 bats
  4 frilled lizards
  A quokka zombie (D:5)
  6 rats
  A spectral orc (D:3)
121 creatures vanquished.

Vanquished Creatures (collateral kills)
  A hobgoblin (D:2)
1 creature vanquished.

Grand Total: 122 creatures vanquished

Notes
Turn   | Place    | Note
-------+----------+-------------------------------------------
     0 | D:1      | Gildeon the Deep Elf Conjurer began the quest for the Orb.
     0 | D:1      | Reached XP level 1. HP: 10/10 MP: 6/6
   591 | D:1      | Reached XP level 2. HP: 15/15 MP: 6/9
   847 | D:1      | Learned a level 2 spell: Searing Ray
  1304 | D:2      | Reached XP level 3. HP: 18/19 MP: 6/11
  1312 | D:2      | Learned a level 2 spell: Blink
  1315 | D:2      | Learned a level 2 spell: Slow
  1318 | D:2      | Learned a level 2 spell: Call Imp
  1360 | D:2      | Reached skill level 5 in Spellcasting
  1473 | D:2      | Found a snail-covered altar of Cheibriados.
  1512 | D:2      | Learned a level 3 spell: Dazzling Spray
  1775 | D:2      | Reached skill level 5 in Conjurations
  1816 | D:2      | Found a runed door.
  1821 | D:2      | Noticed Crazy Yiuf
  1827 | D:2      | Killed Crazy Yiuf
  1827 | D:2      | Reached XP level 4. HP: 24/24 MP: 4/13
  2026 | D:2      | Noticed Terence
  2037 | D:2      | Killed Terence
  2719 | D:3      | Found a basalt altar of Yredelemnul.
  2889 | D:3      | Reached XP level 5. HP: 28/28 MP: 9/14
  3385 | D:3      | Found a faded altar of an unknown god.
  3555 | D:4      | Reached skill level 5 in Hexes
  3659 | D:5      | Entered Level 5 of the Dungeon
  3695 | D:4      | Reached skill level 1 in Summonings
  4133 | D:4      | Found a staircase to the Ecumenical Temple.
  4143 | D:4      | Reached XP level 6. HP: 32/32 MP: 16/16
  4377 | Temple   | Entered the Ecumenical Temple
  4468 | D:4      | Learned a level 3 spell: Conjure Flame
  4959 | D:4      | Learned a level 1 spell: Summon Small Mammal
  5207 | D:5      | Reached XP level 7. HP: 36/36 MP: 9/18
  5701 | D:5      | Found a sacrificial altar of Ru.
  5721 | D:5      | Reached skill level 5 in Summonings
  5829 | D:6      | Reached skill level 1 in Translocations
  6073 | D:6      | Found Zin's Purification Station.
  6076 | D:6      | Found a glowing silver altar of Zin.
  6319 | D:6      | Reached XP level 8. HP: 38/41 MP: 16/19
  6335 | D:6      | Learned a level 3 spell: Mephitic Cloud
  6517 | D:6      | Found a faded altar of an unknown god.
  6517 | D:6      | Found a shimmering altar of Xom.
  6531 | D:6      | Found a faded altar of an unknown god.
  6537 | D:6      | Found a deep blue altar of Sif Muna.
  6540 | D:6      | Found a hazy altar of Hepliaklqana.
  6544 | D:6      | Became a worshipper of Sif Muna the Loreminder
  6664 | D:7      | Reached skill level 1 in Invocations
  6899 | D:7      | Found an opulent altar of Gozag.
  7004 | D:7      | Reached skill level 5 in Translocations
  7007 | D:7      | Slain by an orc warrior

Vault maps used:
D:1:      scummos_arrival_star
D:2:      cheibriados_altar_1, first_ration, kennysheep_cross_room,
          serial_bayou_pond_b, roderic_roman_lattice,
          hangedman_abyss_or_decor_stabs, supply_closet_lemuel,
          uniq_crazy_yiuf_cottage, uniq_terence
D:3:      minmay_diamond_boxcup, yredelemnul_forgotten_temple_becter,
          chequers_ecumenical_altar_lobes
D:4:      minmay_temple_entry_junction_2, hangedman_decor_slide_cut
D:5:      nicolae_ru_path_of_blood, kennysheep_dice
D:6:      chequers_temple_overflow_minitemple, zin_purify
D:7:      nicolae_gozag_cash_rules_everything_around_me
Temple:   dshaligram_water_room_temple

Skill      XL: |  1  2  3  4  5  6  7  8 |
---------------+-------------------------+-----
Spellcasting   | 4 5 6 |  6.2
Conjurations   | 5 6 |  6.0
Hexes          | 2 3 5 |  5.7
Summonings     | 1 5 |  5.0
Translocations | 3 5 |  5.1
Invocations    | 1 |  1.4
Dodging        | |  2.4
Stealth        | |  2.4

Action                   |  1- 3 |  4- 6 |  7- 9 || total
-------------------------+-------+-------+-------++-------
Melee: Club              |     4 |       |       ||     4
       Quarterstaff      |       |    24 |    27 ||    51
 Cast: Magic Dart        |    79 |   101 |    51 ||   231
       Searing Ray       |     3 |    10 |    13 ||    26
       Call Imp          |     1 |     1 |     2 ||     4
       Slow              |     1 |     1 |     1 ||     3
       Dazzling Spray    |       |     7 |     8 ||    15
       Conjure Flame     |       |     2 |     2 ||     4
       Summon Small Mamm |       |       |     2 ||     2
  Use: Scroll            |     7 |     3 |     4 ||    14
       Potion            |       |       |     1 ||     1
 Stab: Petrified         |       |       |     1 ||     1
  Eat: Chunk             |     3 |     4 |     2 ||     9
       Ration            |       |     2 |     1 ||     3
Armor: Robe              |     2 |    21 |    19 ||    42
Dodge: Dodged            |    21 |    58 |    36 ||   115
Block: Other             |       |     4 |     9 ||    13

Table legend:
 A = Spawn XP
 B = Non-spawn XP
 C = Spawn XP percentage of total XP
 D = Spawn monster count
 E = Non-spawn monster count
 F = Spawn count percentage of total count
 G = Total turns spent on level
                    A         B        C        D         E        F      G
               +---------+---------+-------+---------+---------+-------+---------
         Total |       0 |    1852 |   0.0 |       0 |     122 |   0.0 |  7007
               +---------+---------+-------+---------+---------+-------+---------
           D:1 |       0 |      30 |   0.0 |       0 |      16 |   0.0 |  1070
           D:2 |       0 |     143 |   0.0 |       0 |      24 |   0.0 |  1090
           D:3 |       0 |      50 |   0.0 |       0 |      20 |   0.0 |  1363
           D:4 |       0 |     335 |   0.0 |       0 |      23 |   0.0 |  1401
           D:5 |       0 |     645 |   0.0 |       0 |      19 |   0.0 |   798
           D:6 |       0 |     332 |   0.0 |       0 |      14 |   0.0 |   790
           D:7 |       0 |     317 |   0.0 |       0 |       6 |   0.0 |   421
               +---------+---------+-------+---------+---------+-------+---------
